 Dungeon Crawl Stone Soup version 0.28.0 (webtiles) character file.

Game seed: 10915923631379753612

1862 browni3141 the Cleaver (level 8, -7/71 HPs)
             Began as a Minotaur Berserker on Feb 18, 2022.
             Was a Priest of Trog.
             Mangled by Eustachio (9 damage)
             ... on level 6 of the Dungeon.
             The game lasted 00:03:23 (6600 turns).

browni3141 the Cleaver (Minotaur Berserker)         Turns: 6600, Time: 00:03:24

Health: -7/71      AC:  0    Str: 24    XL:     8   Next: 90%
Magic:  7/7        EV: 14    Int:  4    God:    Trog [***...]
Gold:   341        SH:  0    Dex: 10    Spells: 7/7 levels left

rFire   . . .      SeeInvis .   (weapon currently unavailable)
rCold   . . .      Faith    .   (shield currently unavailable)
rNeg    . . .      Spirit   .   (armour currently unavailable)
rPois   .          Reflect  .   (helmet currently unavailable)
rElec   .          Harm     .   (cloak currently unavailable)
rCorr   .          Rampage  .   (gloves currently unavailable)
Will    .....                   (boots currently unavailable)
Stlth   +.........              (no amulet)
HPRegen 0.21/turn               (ring currently unavailable)
MPRegen 0.10/turn               (ring currently unavailable)

@: pig-form (expiring), studying Crossbows, very quick
A: fast, no casting, small, (horns 2), (retaliatory headbutt)
a: Renounce Religion, Berserk, Trog's Hand


You were on level 6 of the Dungeon.
You worshipped Trog.
Trog was most pleased with you.
You were a filthy swine.
You visited 1 branch of the dungeon, and saw 6 of its levels.

You collected 341 gold pieces.


Innate Abilities, Weirdness & Mutations

You are a filthy swine.
You move quickly.
Your equipment is almost entirely melded.
You are incapable of wielding weapons or throwing items.
You cannot cast spells.
((You have a pair of horns on your head.))
((You reflexively headbutt those who attack you in melee.))


   Skills:
 + Level 6.8 Fighting
 * Level 9.1 Axes
 + Level 6.2 Armour
 - Level 2.1 Dodging
 * Level 7.2 Shields


You had 7 spell levels left.
You didn't know any spells.
Your spell library was empty.

Inventory:

Hand Weapons
 a - a +0 hand axe (melded)
Missiles
 q - 2 throwing nets (quivered)
Armour
 b - a +0 animal skin
 l - a +2 kite shield (melded)
 r - a +0 chain mail (melded)
 s - a +0 pair of gloves
Jewellery
 E - a +4 ring of evasion (melded)
 L - a ring of flight
 X - a +6 ring of dexterity (melded)
Wands
 f - a wand of acid (8)
 p - a wand of mindburst (28)
 t - a wand of flame (22)
 u - a wand of digging (5)
 x - a wand of iceblast (14)
Scrolls
 d - a scroll of immolation {unknown}
 e - a scroll of summoning {unknown}
 g - 2 scrolls of identify {unknown}
 i - 2 scrolls of teleportation {unknown}
 j - a scroll of fog {unknown}
 k - 3 scrolls of blinking {unknown}
 m - 2 scrolls of amnesia {unknown}
 o - a scroll of noise {unknown}
 w - a scroll of enchant armour {unknown}
Potions
 c - 2 potions of heal wounds {unknown}
 h - 2 potions of cancellation {unknown}
 n - a potion of haste {unknown}
 v - a potion of ambrosia {unknown}

Dungeon Overview and Level Annotations

Branches:
Dungeon (6/15)
 Temple: D:4-7

Altars:
Dithmenos
Elyvilon
Fedhas
Gozag
Hepliaklqana
Makhleb
Nemelex Xobeh
Okawaru
Uskayaw
Vehumet
Wu Jian
The Shining One

Shops:
D:5 (

Annotations:
D:6 Eustachio

#............#
####.############ ...#.#
### ...#[######## ..##
............. .⌠..
...#.####.##########...#
...#.# #............#
...#.# #............#
...#.# #...(..@h....#
...#.# #.[....555...#
...#.####.....r......#
####.................#
######............#
#............#
#.####.###########+#
#########.# #.#
#........# .......##.#
#.# #........#


You could see Eustachio, 2 iron imps, an ufetubus (summoned) and a rat
(summoned).


Message History

Your transformation is almost over.
The ufetubus closely misses you. The ufetubus hits you.
* * * LOW HITPOINT WARNING * * *
The iron imp closely misses you. Eustachio hits you with a +0 rapier.
* * * LOW HITPOINT WARNING * * *
The iron imp completely misses you.
You hit Eustachio but do no damage.
Eustachio is almost dead.
The ufetubus barely misses you. The ufetubus closely misses you.
The iron imp summons a swarm of flies.
The iron imp misses you.
You closely miss Eustachio.
Eustachio is almost dead.
The ufetubus hits you.
* * * LOW HITPOINT WARNING * * *
The ufetubus barely misses you.
Eustachio casts a spell.
The iron imp hits you!
* * * LOW HITPOINT WARNING * * *
The ufetubus misses you. x2; The iron imp hits you!
* * * LOW HITPOINT WARNING * * *
Unknown command.
Aiming: Corrosive Bolt
Press: ? - help, Shift-Dir - straight line, f - Eustachio
Aim: Eustachio, wielding a +0 rapier, wearing a +0 leather armour and carrying a wand of polymorph (9) (almost dead, 60% to hit)
The bolt of acid hits Eustachio.
Eustachio is almost dead.
Eustachio yells, "Perjured traitor, DIE!"
Eustachio hits you with a +0 rapier!
You die...

Skill      XL: |  1  2  3  4  5  6  7  8 |
---------------+-------------------------+-----
Axes           | 4 5 6 7 9 |  9.1
Fighting       | 4 5 6 |  6.8
Armour         | 3 4 5 6 |  6.2
Shields        | 2 3 5 7 |  7.2
Dodging        | |  2.1

Action                   |  1- 3 |  4- 6 |  7- 9 || total
-------------------------+-------+-------+-------++-------
Melee: Hand axe          |    95 |   115 |   146 ||   356
       Headbutt          |    10 |    19 |    34 ||    63
       Punch             |     2 |     1 |       ||     3
       Unarmed           |       |       |    10 ||    10
Invok: Berserk           |       |     2 |     3 ||     5
       Trog's Hand       |       |       |     1 ||     1
Evoke: Wand              |       |       |     1 ||     1
 Stab: Sleeping          |       |     2 |       ||     2
       Distracted        |       |     1 |       ||     1
Armor: Animal skin       |    13 |    20 |       ||    33
       Chain mail        |       |       |    26 ||    26
Dodge: Dodged            |    80 |    81 |    82 ||   243
Block: Kite shield       |       |    33 |   104 ||   137

Levels and vault maps discovered:
D:1:      onia_arrival_zoo_common, layout_rooms, minmay_tetromino_i2
D:2:      layout_rooms, basic_altar, serial_bayou_pond_b, minmay_split_cup_large
D:3:      layout_loops_cross, dreamdust_ecumenical_altar_sealed_demon,
          gammafunk_ghost_gnarly_gnolls, hex_medium,
          minmay_fractal_squares_diagonal_5
D:4:      layout_layer_cave, mainiacjoe_overflow_chevrons,
          gammafunk_ghost_stat_death
D:5:      layout_cave_pools, lemuel_tele_altar,
          nicolae_overflow_hallway_of_the_gods, serial_shops,
          nicolae_shop_trees, serial_park_tiny_2, uniq_grinder
D:6:      layout_basic, general_overflow_altar, nicolae_evil_shop,
          uniq_eustachio

Notes
Turn   | Place    | Note
-------+----------+-------------------------------------------
     0 | D:1      | browni3141 the Minotaur Berserker began the quest for the
                  | Orb.
     0 | D:1      | Reached XP level 1. HP: 19/19 MP: 0/0
     6 | D:1      | Noticed a snapping turtle
     6 | D:1      | Noticed a black bear
     6 | D:1      | Noticed a wolf
     7 | D:1      | Noticed a salamander
     7 | D:1      | Noticed a swamp worm
   241 | D:1      | Reached skill level 4 in Axes
   242 | D:1      | Reached XP level 2. HP: 27/27 MP: 1/1
   429 | D:1      | Reached skill level 4 in Fighting
   662 | D:1      | Reached ** piety under Trog
   728 | D:1      | Reached skill level 3 in Armour
   728 | D:1      | Reached XP level 3. HP: 33/33 MP: 2/2
  1432 | D:2      | Found an iron altar of Okawaru.
  1540 | D:2      | Reached skill level 5 in Axes
  1540 | D:2      | Reached XP level 4. HP: 41/41 MP: 3/3
  2177 | D:3      | Reached *** piety under Trog
  2698 | D:3      | Reached XP level 5. HP: 44/47 MP: 4/4
  2738 | D:3      | Found a transporter.
  2751 | D:3      | Noticed JustinTrotter's ghost (amateur MfGl)
  2794 | D:3      | Found a faded altar of an unknown god.
  2860 | D:3      | Found a transporter.
  3039 | D:4      | Reached skill level 1 in Shields
  3271 | D:4      | Found a white marble altar of Elyvilon.
  3274 | D:4      | Reached skill level 4 in Armour
  3274 | D:4      | Reached skill level 2 in Shields
  3420 | D:4      | Reached skill level 6 in Axes
  3738 | D:4      | Reached skill level 5 in Fighting
  3738 | D:4      | Reached XP level 6. HP: 39/56 MP: 5/5
  3966 | D:4      | Found a transporter.
  3970 | D:4      | Noticed trudenn's ghost (amateur DrFE)
  4084 | D:4      | Found a transporter.
  4485 | D:4      | Killed trudenn's ghost
  4486 | D:4      | Reached skill level 3 in Shields
  4690 | D:3      | Reached XP level 7. HP: 61/61 MP: 6/6
  4963 | D:3      | Killed JustinTrotter's ghost
  4964 | D:3      | Reached skill level 7 in Axes
  4964 | D:3      | Reached skill level 4 in Shields
  5309 | D:5      | Entered Level 5 of the Dungeon
  5364 | D:5      | Found Kifew's Antique Weapon Boutique.
  5444 | D:5      | Reached skill level 5 in Armour
  5517 | D:5      | Found a hide-covered altar of Uskayaw.
  5578 | D:5      | Reached skill level 5 in Shields
  5608 | D:5      | Reached skill level 6 in Fighting
  5618 | D:5      | Noticed Grinder
  5621 | D:5      | Paralysed by Grinder for 5 turns
  5631 | D:5      | Reached XP level 8. HP: 70/70 MP: 7/7
  5634 | D:5      | Killed Grinder
  5635 | D:5      | Reached skill level 8 in Axes
  5763 | D:5      | Reached skill level 6 in Shields
  5914 | D:5      | Found a blossoming altar of Fedhas.
  5914 | D:5      | Found a burning altar of Makhleb.
  5914 | D:5      | Found a shadowy altar of Dithmenos.
  5922 | D:5      | Found a sparkling altar of Nemelex Xobeh.
  5928 | D:5      | Found a radiant altar of Vehumet.
  5928 | D:5      | Found a hazy altar of Hepliaklqana.
  5931 | D:5      | Found an ornate altar of the Wu Jian Council.
  5934 | D:5      | Found an opulent altar of Gozag.
  6187 | D:6      | Reached skill level 6 in Armour
  6351 | D:6      | Found a glowing golden altar of the Shining One.
  6415 | D:6      | Reached skill level 9 in Axes
  6415 | D:6      | Reached skill level 7 in Shields
  6577 | D:6      | Noticed Eustachio
  6599 | D:6      | HP: 2/71 [iron imp[Eustachio] (11)]
  6600 | D:6      | Mangled by Eustachio

Vanquished Creatures
  Grinder (D:5)
  The ghost of trudenn the Firebug, an amateur DrFE (D:4)
  A necrophage (D:6)
  3 ogres
  The ghost of JustinTrotter the Poker, an amateur MfGl (D:3)
  A centaur (D:5)
  A kobold brigand (D:4)
  4 scorpions
  A wyvern skeleton (D:5)
  A water moccasin skeleton (D:5)
  A bullfrog zombie (D:6)
  A jelly (D:5)
  2 orc priests (D:6)
  2 hounds (D:6)
  2 quasits (D:4)
  2 bullfrog skeletons
  A gnoll shaman (D:3)
  An iguana (D:4)
  8 adders
  7 gnolls (D:3)
  An ufetubus (D:6)
  2 worms (D:2)
  2 dart slugs
  8 orcs
  10 bats
  13 endoplasms
  3 giant cockroaches
  5 goblins
  8 hobgoblins
  5 jackals
  10 kobolds
  5 quokkas
  7 ball pythons
  2 frilled lizards
  14 rats
137 creatures vanquished.

Vanquished Creatures (others)
  9 plants
9 creatures vanquished.

Grand Total: 146 creatures vanquished

Table legend: (Time is in decaauts)
 A = Elapsed time spent in this place.
 B = Non-inter-level travel time spent in this place.
 C = Inter-level travel time spent in this place.
 D = Time resting spent in this place.
 E = Time spent auto-exploring this place.
 F = Levels seen in this place.
 G = Mean time per level.
                   A        B        C        D        E       F      G
               +--------+--------+--------+--------+--------+-----+--------+
         Total |   6669 |   6386 |    283 |    715 |   4743 |   6 | 1111.5 |
       Dungeon |   6669 |   6386 |    283 |    715 |   4743 |   6 | 1111.5 |
               +--------+--------+--------+--------+--------+-----+--------+

Top non-repeatable levels by time:
     D:4: 1704 daAuts
     D:3: 1669 daAuts
     D:2: 1012 daAuts
     D:1: 981 daAuts
     D:5: 810 daAuts
     D:6: 491 daAuts

Table legend:
 A = Non-vault XP
 B = Vault XP
 C = Vault XP percentage of total XP
 D = Non-vault monster count
 E = Vault monster count
 F = Vault count percentage of total count
                 A         B        C        D         E       F
            +---------+---------+-------+---------+---------+-------
      Total |    1802 |     859 |  32.3 |     108 |      29 |  21.2
            +---------+---------+-------+---------+---------+-------
        D:1 |      50 |       0 |   0.0 |      28 |       0 |   0.0
        D:2 |      83 |      15 |  15.3 |      21 |       7 |  25.0
        D:3 |      37 |     270 |  87.9 |      21 |      18 |  46.2
        D:4 |     236 |     270 |  53.4 |      11 |       3 |  21.4
        D:5 |     732 |     304 |  29.3 |      12 |       1 |   7.7
        D:6 |     664 |       0 |   0.0 |      15 |       0 |   0.0
            +---------+---------+-------+---------+---------+-------
